 Dungeon Crawl Stone Soup version 0.18-a0-1628-g61c6396 (webtiles) character file.

12645 ithil the Blocker (level 11, -2/97 HPs)
             Began as a Minotaur Fighter on Mar 26, 2016.
             Was a High Priest of Makhleb.
             Killed by the air
             ... invoked by Gastronok
              (21 damage)
             ... on level 3 of the Lair of Beasts.
             The game lasted 01:23:41 (11761 turns).

ithil the Blocker (Minotaur Fighter)               Turns: 11761, Time: 01:23:41

Health: -2/97      AC: 17    Str: 20 (22) XL:     11   Next: 65%
Magic:  9/9        EV:  8    Int:  5 (6)  God:    Makhleb [*****.]
Gold:   684        SH: 16    Dex: 11      Spells: 0 memorised, 10 levels left

rFire  + . .     SeeInvis +     h - +1 long sword (elec)
rCold  x . .     Gourm    .     d - +0 plate armour
rNeg   . . .     Faith    .     c - +1 shield
rPois  .         Spirit   .     (helmet restricted)
rElec  .         Dismiss  .     Q - +2 cloak
rCorr  .         Reflect  .     x - +0 pair of gloves
SustAt .         Harm     .     i - +0 pair of boots
MR     +....                    (no amulet)
Stlth  ..........               k - ring of fire
                                M - ring of see invisible

@: somewhat resistant to hostile enchantments, extremely unstealthy
A: retaliatory headbutt, horns 2, large bone plates 1, deformed body, low mp 1,
magic resistance 1
a: Minor Destruction, Lesser Servant of Makhleb, Major Destruction, Greater
Servant of Makhleb, Renounce Religion


You were on level 3 of the Lair of Beasts.
You worshipped Makhleb.
Makhleb was extremely pleased with you.
You were not hungry.

You visited 3 branches of the dungeon, and saw 15 of its levels.

You collected 684 gold pieces.

Inventory:

Hand Weapons
 h - a +1 long sword of electrocution (weapon)
 y - a +3 great mace of holy wrath
Armour
 c - a +1 shield (worn)
 d - a +0 plate armour (worn)
 i - a +0 pair of boots (worn)
 x - a +0 pair of gloves (worn)
 O - the +0 buckler of the Four of Cups {+Inv rPois rCorr Int-2}
   (You found it on level 11 of the Dungeon)

   It affects your intelligence (-2).
   It protects you from poison.
   It lets you turn invisible.
   It protects you from acid and corrosion.
 Q - a +2 cloak (worn)
Jewellery
 a - an uncursed ring of ice {unknown}
 b - an uncursed ring of sustain attributes
 k - a ring of fire (right hand)
 p - an uncursed ring of magical power {unknown}
 C - an uncursed ring of resist corrosion
 L - an uncursed ring of stealth
 M - a ring of see invisible (left hand)
Wands
 r - a wand of iceblast (7/15)
 t - a wand of confusion (24/48)
 A - a wand of paralysis (13/24)
 J - a wand of acid (9/15)
Scrolls
 o - 4 scrolls of remove curse
 u - 3 scrolls of identify
 D - 2 scrolls of enchant armour
 G - 2 scrolls of recharging
 I - 3 scrolls of teleportation
 K - a scroll of fog {unknown}
Potions
 e - a potion of flight
 j - 2 potions of berserk rage {unknown}
 m - 4 potions of curing
 n - 2 potions of invisibility
 z - a potion of agility {unknown}
 B - a potion of heal wounds {unknown}
 N - a potion of resistance {unknown}
Comestibles
 f - 11 bread rations
 g - 6 meat rations
 l - 4 slices of pizza
 q - 5 beef jerkies
 v - 5 royal jellies
 w - 10 fruits


   Skills:
 + Level 9.4 Fighting
 + Level 7.0 Long Blades
   Level 7.3 Axes
 + Level 9.9 Armour
 + Level 6.5 Dodging
 + Level 1.4 Stealth
 + Level 13.6 Shields
 + Level 1.2 Invocations


You had 10 spell levels left.
You didn't know any spells.

Dungeon Overview and Level Annotations

Branches:
Dungeon (11/15)            Temple (1/1) D:6            Lair (3/8) D:11
    Orc (0/2) D:11
  Swamp: Lair:3-6    Shoals: Lair:3-6     Snake: Lair:3-6    Spider: Lair:3-6

Altars:
Ashenzari
Dithmenos
Elyvilon
Fedhas
Kikubaaqudgha
Makhleb
Nemelex Xobeh
Okawaru
Pakellas
Qazlal
Ru
Sif Muna
Trog
Vehumet
Xom
Yredelemnul
Zin
The Shining One

Shops:
D:5 *

Annotations:
Lair:3 Gastronok


Innate Abilities, Weirdness & Mutations

You reflexively headbutt those who attack you in melee.
You have a pair of horns on your head.
You are partially covered in large bone plates (AC +2, SH +2).
Armour fits poorly on your strangely shaped body.
Your magical capacity is low (-10% MP).
You are resistant to hostile enchantments.


Message History

Gastronok is severely wounded.
You block Gastronok's attack.
You hit Gastronok but do no damage. You headbutt Gastronok.
Gastronok is severely wounded.
You slash Gastronok! You headbutt Gastronok!
Gastronok is almost dead.
Gastronok waves his eye-stalks in wide circles.
The air twists around and strikes you!
* * * LOW HITPOINT WARNING * * *
You hit Gastronok but do no damage. You headbutt Gastronok!
Gastronok is almost dead.
You slash Gastronok!
Gastronok is almost dead.
Gastronok bites you!!
* * * LOW HITPOINT WARNING * * *
Drink which item? (? for menu, Esc to quit)
You feel better.
Gastronok waves his eye-stalks in wide circles.
The air twists around and strikes you!
You die...

P..................#.###
#.............#.....#...
#................(.#....
#...............(.......
P......................
#.......†.....#.....#.##
P.............#....##.P##
........>.....#....P#...#
#.........w.@..........#
#..............##.#....##
##............######....#
#.###......##.# ##...#.##
. ## ##P....####
#....##.#.. ##....#
#....#.#... #....#
#.......... P....#
#....<..... #.....P
#..#.........


You could see Gastronok.

Vanquished Creatures
  The ghost of SpiritFryer the Spear-Bearer, a novice CeGl of Zin (D:9)
  A centaur warrior (D:11)
  Nergalle (D:10)
  2 spiny frogs
  A komodo dragon (Lair:1)
  A rime drake (Lair:1)
  2 trolls
  A two-headed ogre (D:8)
  4 blink frogs (Lair:1)
  A wyvern (D:10)
  8 yaks
  A hippogriff (D:7)
  4 water moccasins
  A porcupine (Lair:2)
  Duvessa (D:5)
  3 orc warriors
  A sky beast (D:8)
  2 black bears
  4 ice beasts
  2 wasps
  A necrophage (D:9)
  5 phantoms
  4 ogres
  3 crocodiles
  8 centaurs
  A big kobold (D:11)
  The ghost of kurovuster the Sneak, an amateur SpAs (D:4)
  8 giant frogs
  Dowan (D:5)
  2 scorpions
  9 killer bees
  5 spriggan skeletons (D:10)
  5 wights (D:9)
  A troll skeleton (D:10)
  2 giant frog zombies
  6 crimson imps
  A jelly (D:8)
  2 quasits
  2 giant frog skeletons
  6 orc priests
  Crazy Yiuf (D:6)
  A centaur skeleton (D:10)
  6 hounds
  6 orc wizards
  4 iguanas
  6 worker ants
  Natasha (thrice) (D:4 D:7)
  Robin (D:4)
  A howler monkey zombie (D:8)
  9 adders
  12 gnolls
  10 river rats
  2 shadow imps
  An ooze (D:1)
  An adder zombie (D:7)
  6 worms
  5 dart slugs
  4 giant geckos
  46 orcs
  4 bats
  7 giant cockroaches
  24 goblins
  15 hobgoblins
  12 jackals
  5 quokkas
  3 ball pythons
  A giant gecko skeleton (D:4)
  2 giant gecko zombies
  3 giant newts
  18 kobolds
  A quokka skeleton (D:4)
  11 rats
346 creatures vanquished.

Vanquished Creatures (collateral kills)
  An orc warrior (D:11)
  A centaur (D:11)
2 creatures vanquished.

Vanquished Creatures (others)
  A fire dragon (D:11)
  A centaur skeleton (D:6)
2 creatures vanquished.

Grand Total: 350 creatures vanquished

Notes
Turn   | Place    | Note
--------------------------------------------------------------
     0 | D:1      | ithil the Minotaur Fighter began the quest for the Orb.
     0 | D:1      | Reached XP level 1. HP: 19/19 MP: 0/0
   192 | D:1      | Reached XP level 2. HP: 24/27 MP: 1/1
   269 | D:1      | Reached skill level 4 in Shields
   398 | D:1      | Reached XP level 3. HP: 31/33 MP: 2/2
  1206 | D:2      | Reached XP level 4. HP: 35/40 MP: 3/3
  1712 | D:3      | Reached skill level 1 in Dodging
  1725 | D:3      | Found a shadowy altar of Dithmenos.
  2357 | D:4      | Noticed Robin
  2367 | D:4      | Killed Robin
  2367 | D:4      | Reached XP level 5. HP: 43/47 MP: 4/4
  2415 | D:4      | Noticed Natasha
  2424 | D:4      | Killed Natasha
  2600 | D:4      | Noticed Natasha
  2607 | D:4      | Killed Natasha
  2607 | D:4      | Reached skill level 5 in Armour
  2607 | D:4      | Reached skill level 5 in Shields
  2610 | D:4      | Noticed kurovuster's ghost (amateur SpAs)
  2649 | D:4      | Killed kurovuster's ghost
  2649 | D:4      | Reached XP level 6. HP: 23/53 MP: 5/5
  2675 | D:4      | Noticed Natasha
  2765 | D:4      | Found a white marble altar of Elyvilon.
  3127 | D:5      | Entered Level 5 of the Dungeon
  3150 | D:5      | Found Kafuxiol's General Store.
  3180 | D:5      | Noticed Duvessa
  3188 | D:5      | Noticed Dowan
  3197 | D:5      | Killed Duvessa
  3206 | D:5      | Killed Dowan
  3206 | D:5      | Reached skill level 5 in Fighting
  3206 | D:5      | Reached skill level 5 in Axes
  3206 | D:5      | Reached XP level 7. HP: 18/61 MP: 6/6
  3485 | D:5      | Reached skill level 6 in Shields
  3489 | D:5      | Reached skill level 1 in Stealth
  3776 | D:5      | Reached XP level 8. HP: 50/69 MP: 7/7
  4175 | D:6      | Found a sacrificial altar of Ru.
  4188 | D:6      | Found a shimmering altar of Xom.
  4223 | D:6      | Reached skill level 7 in Shields
  4790 | D:6      | Noticed Crazy Yiuf
  4797 | D:6      | Killed Crazy Yiuf
  4970 | D:6      | Found a basalt altar of Yredelemnul.
  4970 | D:6      | Found a stormy altar of Qazlal.
  5046 | D:6      | Found a staircase to the Ecumenical Temple.
  5052 | Temple   | Entered the Ecumenical Temple
  5273 | Temple   | Became a worshipper of Makhleb the Destroyer
  5419 | D:7      | Found a glowing silver altar of Zin.
  5486 | D:7      | Killed Natasha
  5509 | D:7      | Gained mutation: You are partially covered in large bone plates (AC +2, SH +2). [potion of mutation]
  5509 | D:7      | Gained mutation: Your magical capacity is low (-10% MP). [potion of mutation]
  5509 | D:7      | Gained mutation: Armour fits poorly on your strangely shaped body. [potion of mutation]
  5510 | D:7      | Gained mutation: You are resistant to hostile enchantments. [potion of beneficial mutation]
  5706 | D:7      | Reached skill level 8 in Shields
  5833 | D:7      | Reached * piety under Makhleb
  5833 | D:7      | Reached XP level 9. HP: 79/79 MP: 7/7
  6799 | D:8      | Reached ** piety under Makhleb
  6917 | D:8      | Reached skill level 9 in Shields
  6976 | D:8      | Reached skill level 1 in Long Blades
  7116 | D:8      | Found a blossoming altar of Fedhas.
  7454 | D:9      | Noticed SpiritFryer's ghost (novice CeGl)
  7471 | D:9      | Killed SpiritFryer's ghost
  7471 | D:9      | Reached *** piety under Makhleb
  7471 | D:9      | Reached skill level 10 in Shields
  7473 | D:9      | HP: 3/80 [two-headed ogre/giant club (21)]
  7591 | D:8      | Reached skill level 5 in Dodging
  7591 | D:8      | Reached XP level 10. HP: 26/88 MP: 8/8
  8069 | D:9      | Reached skill level 11 in Shields
  8204 | D:10     | Entered Level 10 of the Dungeon
  8294 | D:10     | Reached **** piety under Makhleb
  8304 | D:10     | Reached skill level 5 in Long Blades
  8774 | D:10     | Noticed Nergalle
  8794 | D:10     | Killed Nergalle
  8794 | D:10     | Reached skill level 12 in Shields
  9502 | D:11     | Reached XP level 11. HP: 72/94 MP: 9/9
  9530 | D:11     | Found a staircase to the Lair.
  9633 | D:11     | Noticed a centaur warrior
  9657 | D:11     | Killed a centaur warrior
  9667 | D:11     | Reached ***** piety under Makhleb
  9983 | D:11     | Found a staircase to the Orcish Mines.
 10045 | D:11     | Found an oddly glowing altar of Pakellas.
 10045 | D:11     | Noticed a fire dragon
 10071 | D:11     | Got a bloodstained buckler
 10082 | D:11     | Identified the cursed +0 buckler of the Four of Cups {+Inv rPois rCorr Int-2} (You found it on level 11 of the Dungeon)
 10086 | D:11     | Killed a fire dragon
 10284 | Lair:1   | Entered Level 1 of the Lair of Beasts
 10308 | Lair:1   | Reached skill level 1 in Invocations
 10337 | Lair:1   | Reached skill level 13 in Shields
 11120 | Lair:2   | Found a deep blue altar of Sif Muna.
 11729 | Lair:3   | Noticed Gastronok
 11761 | Lair:3   | Killed from afar by Gastronok

Vault maps used:
D:1:      saegor_arrival_simple_a, serial_glass, glass_columns_b,
          glass_columns_c, dk_noncrumbling_2, minmay_misc_feat_chi
D:2:      minmay_close_crescents
D:3:      grunt_dithmenos_smoke_and_mirrors
D:4:      elyvilon_altar_3, uniq_natasha, uniq_robin
D:5:      serial_shops, shop, first_bread, uniq_duvessa
D:6:      nicolae_overflow_hidden_temple, minmay_temple_entry_fiery,
          basic_altar, lemuel_flame_loot_1, uniq_crazy_yiuf_cottage
D:7:      corexii_shantytown, overflow_temple_1_default
D:8:      old_standard_altar
D:10:     hangedman_tell_no_tales, hangedman_glass_teeth,
          minmay_tree_intersection, nicolae_zen_rock_garden, uniq_nergalle
D:11:     lair_0_dummy, david_orc_2, gammafunk_pakellas_cloud_experiment
Temple:   chambers_temple_12
Lair:1:   grunt_megastairs_2
Lair:2:   basic_altar
Lair:3:   basic_altar, beast_lair_carwin_7, uniq_maud, uniq_gastronok

Skill      XL: |  1  2  3  4  5  6  7  8  9 10 11 |
---------------+----------------------------------+-----
Armour         | 4 5 6 8 9 |  9.9
Shields        | 4 5 6 8 10 12 13 | 13.6
Axes           | 3 4 5 6 7 |  7.3
Fighting       | 4 5 7 8 9 |  9.4
Dodging        | 1 2 3 5 6 |  6.5
Stealth        | 1 |  1.4
Long Blades    | 4 6 7 |  7.0
Invocations    | 1 |  1.2

Action                   |  1- 3 |  4- 6 |  7- 9 | 10-12 || total
-------------------------+-------+-------+-------+-------++-------
Melee: War axe           |    95 |   182 |   242 |       ||   519
       Long sword        |       |       |   134 |   520 ||   654
Invok: Minor Destruction |       |       |       |     2 ||     2
       Greater Servant o |       |       |       |     1 ||     1
  Use: Scroll            |     5 |     3 |    11 |     9 ||    28
       Potion            |     1 |     4 |     9 |     9 ||    23
 Stab: Invisible         |       |     1 |       |       ||     1
  Eat: Chunk             |     1 |     6 |     7 |     7 ||    21
       Pizza             |       |     1 |       |       ||     1
       Bread ration      |       |       |     1 |       ||     1
       Fruit             |       |       |     1 |     1 ||     2
       Beef jerky        |       |       |     1 |       ||     1
       Meat ration       |       |       |       |     1 ||     1
       Royal jelly       |       |       |       |     1 ||     1
